 Dungeon Crawl Stone Soup version 0.23-a0-516-g0f8c245 (webtiles) character file.

54 theanonym the Cudgeler (level 3, -1/28 HPs)
             Began as a Mummy Warper on Dec 5, 2018.
             Slain by a hound (4 damage)
             ... on level 2 of the Dungeon.
             The game lasted 00:01:33 (1001 turns).

theanonym the Cudgeler (Mummy Warper)               Turns: 1001, Time: 00:01:33

Health: -1/28      AC: 10    Str: 15    XL:     3   Next: 66%
Magic:  7/7        EV:  6    Int: 12    God:
Gold:   95         SH:  0    Dex: 11    Spells: 7/7 levels left

rFire    x . .     SeeInvis .   a - +0 mace
rCold    + . .     Gourm    .   (no shield)
rNeg     + + +     Faith    .   h - +0 chain mail
rPois    ∞         Spirit   .   (no helmet)
rElec    .         Reflect  .   (no cloak)
rCorr    .         Harm     .   d - +1 pair of gloves
MR       .....                  (no boots)
Stlth    ..........             (no amulet)
HPRegen  0.09/turn              (no ring)
MPRegen  0.10/turn              (no ring)

@: very slightly contaminated
A: no food or potions, fire vulnerability, cold resistance 1, negative energy
resistance 3, torment resistance, unbreathing
a: no special abilities


Innate Abilities, Weirdness & Mutations

You do not eat or drink.
Your flesh is vulnerable to fire.
You are immune to poison.
Your flesh is cold resistant. (rC+)
You are immune to negative energy. (rN+++)
You are immune to unholy pain and torment.
You can survive without breathing.


   Skills:
 + Level 2.8 Fighting
 * Level 2.9 Maces & Flails
 - Level 0.7 Throwing
 - Level 0.7 Armour
 - Level 1.5 Dodging
 - Level 2.6 Spellcasting
   Level 2.4 Translocations


You had 7 spell levels left.
You didn't know any spells.
Your spell library contained the following spells:

 Spells                   Type           Power        Failure   Level  Hunger
 Blink                    Tloc           N/A          98%         2    N/A
 Shroud of Golubria       Chrm/Tloc      #.........   99%         2    N/A
 Gell's Gravitas          Tloc           #.........   100%        3    N/A
 Lesser Beckoning         Tloc           #.........   100%        3    N/A
 Teleport Other           Tloc           #.......     100%        3    N/A
 Passage of Golubria      Tloc           N/A          100%        4    N/A

Skill      XL: |  1 |
---------------+----+-----
Maces & Flails | 2 |  2.9
Fighting       | |  2.8
Throwing       | |  0.7
Armour         | |  0.7
Dodging        | |  1.5
Spellcasting   | |  2.6
Translocations | |  2.4

Action                   || total
-------------------------++-------
Melee: Mace              ||   124
Throw: Tomahawk          ||     5
  Use: Scroll            ||     2
Armor: Chain mail        ||   138
       Leather armour    ||     5
Dodge: Dodged            ||    39

Inventory:

Hand Weapons
 a - a +0 mace (weapon)
Armour
 b - a +0 leather armour
 d - a +1 pair of gloves (worn)
   (You found it on level 1 of the Dungeon)
 h - a +0 chain mail (worn)
   (You found it on level 1 of the Dungeon)
Scrolls
 c - a scroll of remove curse {unknown}
 f - 2 scrolls of identify {unknown}
 i - a scroll of immolation {unknown}
 j - a scroll of teleportation {unknown}
 B - a scroll of blinking


You were on level 2 of the Dungeon.
You were not hungry.

You visited 1 branch of the dungeon, and saw 2 of its levels.

You collected 95 gold pieces.

Dungeon Overview and Level Annotations

Branches:
Dungeon (2/15)

Altars:

Annotations:
D:2 1 runed door

.#.....##......#.# .
...###. ##....##.## #.
#.####.######.#...###.##
#. #...
................... ..
...# #.######.#...###(##
#. ...######...........#
#. ...##...†........##.#
####. ...#....#.###.##h#
.# #....
..........%.#.##@# #
#.##.
....#.#.#.#...##<.#
#.#######.##.
†...........#####.#
#......).<#.†
#...#.#.#.#.# .#
###########.#
#........)..# .# #.#
#...#.#.#.#.. .# #..
#...........# .. #.#
....#.#.#.#. #. #..
#.......... #.#


You could see a hound.

Notes
Turn   | Place    | Note
-------+----------+-------------------------------------------
     0 | D:1      | theanonym the Mummy Warper began the quest for the Orb.
     0 | D:1      | Reached XP level 1. HP: 16/16 MP: 4/4
    77 | D:1      | You fall through a shaft!
   194 | D:1      | Reached skill level 2 in Maces & Flails
   238 | D:1      | Reached XP level 2. HP: 22/22 MP: 5/5
   599 | D:2      | Reached XP level 3. HP: 17/28 MP: 7/7
   807 | D:2      | Found a runed door.
   978 | D:2      | HP: 13/28 [hound (3)]
   981 | D:2      | HP: 5/28 [hound (2)]
   984 | D:2      | HP: 1/28 [hound (2)]
  1001 | D:2      | Slain by a hound

Vanquished Creatures
  2 adders (D:2)
  A dart slug (D:1)
  A leopard gecko (D:2)
  A giant cockroach (D:1)
  5 goblins
  2 hobgoblins
  5 jackals
  2 ball pythons (D:1)
  3 bats (D:2)
  A frilled lizard (D:1)
  5 kobolds
  3 rats
31 creatures vanquished.

Table legend:
 A = Turns spent in this place as a percentage of turns spent in the entire game.
 B = Non-inter-level travel turns spent in this place as a percentage of non-inter-level travel turns spent in the entire game.
 C = Inter-level travel turns spent in this place as a percentage of turns spent in this place.
 D = Turns resting spent in this place as a percentage of non-inter-level travel turns spent in this place.
 E = Turns spent auto-exploring this place as a percentage of non-inter-level travel turns spent in this place.
 F = Non-inter-level travel turns spent in this place divided by the number of levels of this place that you've seen.
                   A       B       C       D       E      F
               +-------+-------+-------+-------+-------+----------------------
         Total | 100.0 | 100.0 |   1.9 |  22.1 |  51.8 | 491.0
       Dungeon | 100.0 | 100.0 |   1.9 |  22.1 |  51.8 | 491.0
               +-------+-------+-------+-------+-------+----------------------
